 Dungeon Crawl Stone Soup version 0.19.1 (webtiles) character file.

310526 dvd the Imperceptible (level 20, -3/104 HPs)
             Began as a Felid Enchanter on Nov 30, 2016.
             Was the Champion of Dithmenos.
             Slain by a vault guard
             ... wielding a +0 bardiche
              (18 damage)
             ... on level 5 of the Vaults on Dec 4, 2016.
             The game lasted 12:15:42 (98959 turns).

dvd the Imperceptible (Felid Enchanter)            Turns: 98959, Time: 12:15:43

Health: -3/104     AC: -1    Str:  4    XL:     20   Next: 40%
Magic:  3/44       EV: 27    Int: 25    God:    Dithmenos [******]
Gold:   4749       SH:  4    Dex: 18    Spells: 14 memorised, 0 levels left
                                        Lives:  0   Deaths: 6

rFire  + . .     SeeInvis +       - Unarmed
rCold  + + .     Gourm    .     (armour unavailable)
rNeg   + + +     Faith    .     (shield unavailable)
rPois  .         Spirit   .     (helmet unavailable)
rElec  +         Reflect  .     (cloak unavailable)
rCorr  .         Harm     .     (gloves unavailable)
MR     ++++.                    (boots unavailable)
Stlth  ++++++++++               l - amulet of magic regeneration
                                w - ring "Douq" {*Slow rElec rC+ rN++ SInv}
                                y - ring of the Disturbing Gods {+Inv rF+ rN+}

@: corroded, very slightly contaminated, wreathed by umbra, deflect missiles,
invisible, quick
A: no armour, no weapons or thrown items, stealth, claws 1, fangs 3, large bone
plates 1, see invisible, carnivore 3, speed 1, magic resistance 1, robust 1,
shaggy fur 3, slow metabolism 1, sharp paws
a: Shadow Step, Shadow Form, Renounce Religion
}: 2/15 runes: decaying, serpentine


You were on level 5 of the Vaults.
You worshipped Dithmenos.
Dithmenos was exalted by your worship.
You were not hungry.

You visited 10 branches of the dungeon, and saw 48 of its levels.
You visited the Abyss 1 time.
You visited 1 bazaar.
You also visited: Labyrinth and Desolation.

You collected 8210 gold pieces.
You spent 3461 gold pieces at shops.

Inventory:

Jewellery
 e - a +3 amulet of reflection
 l - an amulet of magic regeneration (around neck)
 n - the ring of Dohoetaq {rN+ AC+4 Str+4}
   (You bought it in a shop on level 1 of the Snake Pit)

   [ring of protection]

   It affects your AC (+4).
   It affects your strength (+4).
   It protects you from negative energy.
 t - the ring "Uneqiakh" {rC++ rN+ MR+}
   (You found it on level 3 of the Crypt)

   [ring of positive energy]

   It greatly protects you from cold.
   It protects you from negative energy.
   It affects your resistance to hostile enchantments.
 w - the ring "Douq" (right paw) {*Slow rElec rC+ rN++ SInv}
   (You found it on level 2 of the Vaults)

   [ring of protection from cold]

   It protects you from cold.
   It insulates you from electricity.
   It greatly protects you from negative energy.
   It lets you see invisible.
   It may slow you when you take damage.
 y - the ring of the Disturbing Gods (left paw) {+Inv rF+ rN+}
   (You found it on level 3 of the Crypt)

   [ring of positive energy]

   It protects you from fire.
   It protects you from negative energy.
   It lets you turn invisible.
 X - an uncursed ring of poison resistance
Wands
 c - a wand of iceblast (2/15)
 d - a wand of disintegration (7/24)
 k - a wand of lightning (8/15)
 o - a wand of teleportation (4/9)
 p - a wand of confusion (16/48)
 z - a wand of hasting (5/9)
 B - a wand of digging (12/24)
 L - a wand of heal wounds (6/9)
 N - a wand of hasting (2/9)
 P - a wand of iceblast (8/15)
 S - a wand of paralysis (17/24)
 Y - a wand of acid (6/15)
Scrolls
 m - 9 scrolls of identify
 q - a scroll of fog
 r - 4 scrolls of magic mapping
 u - 9 scrolls of remove curse
 x - 2 scrolls of blinking
 Q - a scroll of recharging
 T - a scroll of fear
Potions
 f - 4 potions of flight
 i - 3 potions of brilliance
 j - 4 potions of curing
 v - a potion of haste
 A - 7 potions of might
 E - 3 potions of resistance
 F - 3 potions of agility
 H - a potion of cancellation
 O - 2 potions of cure mutation
 Z - 3 potions of heal wounds
Books
 a - the Grimoire of Black Magic
   (You found it on level 3 of the Crypt)

   Spells                             Type                      Level
   a - Corpse Rot                     Necromancy                   2
   b - Sublimation of Blood           Necromancy                   2
   c - Dispel Undead                  Necromancy                   5
   d - Simulacrum                     Ice/Necromancy               6
   e - Death Channel                  Necromancy                   6
   f - Haunt                          Necromancy/Summoning         7
 h - a book of Death

   Spells                             Type                      Level
   a - Corpse Rot                     Necromancy                   2
   b - Sublimation of Blood           Necromancy                   2
   c - Agony                          Necromancy                   5
   d - Dispel Undead                  Necromancy                   5
   e - Excruciating Wounds            Charms/Necromancy            5
   f - Bolt of Draining               Conjuration/Necromancy       5
 D - a Fen Folio

   Spells                             Type                      Level
   a - Corpse Rot                     Necromancy                   2
   b - Stone Arrow                    Conjuration/Earth            3
   c - Leda's Liquefaction            Hexes/Earth                  4
   d - Summon Forest                  Summoning/Translocation      5
   e - Hydra Form                     Transmutation                6
   f - Summon Hydra                   Summoning                    7
 G - a book of Summonings

   Spells                             Type                      Level
   a - Recall                         Summoning/Translocation      3
   b - Aura of Abjuration             Summoning                    5
   c - Summon Demon                   Summoning                    5
   d - Summon Forest                  Summoning/Translocation      5
   e - Summon Mana Viper              Hexes/Summoning              5
   f - Shadow Creatures               Summoning                    6
 R - a book of Unlife

   Spells                             Type                      Level
   a - Recall                         Summoning/Translocation      3
   b - Animate Dead                   Necromancy                   4
   c - Control Undead                 Necromancy                   4
   d - Cigotuvi's Embrace             Necromancy                   5
   e - Death Channel                  Necromancy                   6
   f - Simulacrum                     Ice/Necromancy               6
 U - a book of Transfigurations

   Spells                             Type                      Level
   a - Irradiate                      Conjuration/Transmutation    5
   b - Statue Form                    Transmutation/Earth          6
   c - Hydra Form                     Transmutation                6
   d - Dragon Form                    Transmutation                7
 V - a book of Enchantments

   Spells                             Type                      Level
   a - Cause Fear                     Hexes                        4
   b - Yara's Violent Unravelling     Hexes/Transmutation          5
   c - Silence                        Hexes/Air                    5
   d - Deflect Missiles               Charms/Air                   6
   e - Discord                        Hexes                        8
 W - a book of Conjurations

   Spells                             Type                      Level
   a - Magic Dart                     Conjuration                  1
   b - Searing Ray                    Conjuration                  2
   c - Dazzling Spray                 Conjuration/Hexes            3
   d - Fulminant Prism                Conjuration/Hexes            4
   e - Iskenderun's Mystic Blast      Conjuration                  4
   f - Iskenderun's Battlesphere      Conjuration/Charms           5
Miscellaneous
 J - a crystal ball of energy
Comestibles
 b - 19 meat rations
 g - a royal jelly
 s - 13 beef jerkies
 C - 12 slices of pizza


   Skills:
 * Level 14.1 Fighting
 + Level 11.1 Dodging
 + Level 21.1 Stealth
 + Level 11.3 Unarmed Combat
 + Level 19.3 Spellcasting
 + Level 6.6 Conjurations
 + Level 19.4 Hexes
 + Level 14.6 Charms
 + Level 11.0 Summonings
 + Level 13.8 Necromancy
 + Level 5.7 Translocations
 + Level 3.3 Transmutations
 + Level 8.3 Ice Magic
 + Level 9.9 Air Magic
 + Level 1.7 Invocations
 + Level 3.4 Evocations


You couldn't memorise any spells.
You knew the following spells:

 Your Spells              Type           Power        Failure   Level  Hunger
a - Animate Dead          Necr           N/A          1%          4    None
b - Dispel Undead         Necr           #######.     1%          5    None
c - Confuse               Hex            #######.     0%          3    None
d - Dazzling Spray        Conj/Hex       ######       1%          3    None
e - Tukima's Dance        Hex            #######.     0%          3    None
f - Yara's Violent Unrav  Hex/Tmut       ######....   1%          5    None
g - Summon Ice Beast      Ice/Summ       ######..     1%          4    None
h - Summon Lightning Spi  Summ/Air       ######..     1%          4    None
i - Deflect Missiles      Chrm/Air       ######....   1%          6    ###....
j - Regeneration          Chrm/Necr      #######...   0%          3    None
k - Blink                 Tloc           N/A          1%          2    None
l - Aura of Abjuration    Summ           ######....   1%          5    None
m - Bolt of Draining      Conj/Necr      ######....   1%          5    None
n - Shadow Creatures      Summ           N/A          3%          6    ###....


Dungeon Overview and Level Annotations

Branches:
Dungeon (15/15)            Temple (1/1) D:4            Lair (6/6) D:8
  Swamp (4/4) Lair:4        Snake (4/4) Lair:2        Slime (0/5) Lair:5
    Orc (2/2) D:12            Elf (3/3) Orc:2        Vaults (5/5) D:14
  Crypt (3/3) Vaults:2       Tomb (0/3) Crypt:3      Depths (5/5) D:15
    Zot (0/5) Depths:5

Altars:
Ashenzari
Cheibriados
Dithmenos
Elyvilon
Fedhas
Gozag
Hepliaklqana
Kikubaaqudgha
Makhleb
Nemelex Xobeh
Okawaru
Qazlal
Ru
Sif Muna
Trog
Uskayaw
Vehumet
Xom
Yredelemnul
Zin
The Shining One

Shops:
D:8 }   D:13 }   Orc:1 *   Orc:2 (:[*   Elf:2 [   Elf:3 (   Snake:1 =}}
Depths:1 =   Depths:3 =*   Depths:5 [

Portals:
Hell: Depths:1 Depths:2 Depths:3 Depths:4 Depths:5
Abyss: Depths:4
Pandemonium: Depths:1 Depths:2 Depths:3 Depths:4
Ziggurat: Depths:2

Annotations:
Vaults:3 Mennas


Innate Abilities, Weirdness & Mutations

You cannot wear armour.
You are incapable of wielding weapons or throwing items.
Your paws allow you to move quietly. (Stealth)
You have sharp claws.
You have razor-sharp teeth.
You have supernaturally acute eyesight. (SInv)
You are carnivorous and can eat meat at any time.
You cover ground quickly.
Your thick and shaggy fur keeps you warm. (AC +3, rC+)
You have a slow metabolism.
Your sharp claws are effective at attacking unaware monsters.
You are partially covered in large bone plates. (SH +4)
You are resistant to hostile enchantments. (MR+)
You are robust. (+10% HP)


Message History

You feel much better.
This wand has 7 charges left.
The entropy weaver closely misses you. The entropy weaver hits you.
The entropy weaver closely misses you. The entropy weaver misses you.
Unknown command.
The vault guard hits you with a bardiche of freezing!!
* * * LOW HITPOINT WARNING * * *
You emit a cloud of dark smoke.
The vault guard freezes you.
* * * LOW HITPOINT WARNING * * *
You hear a shout!
Unknown command.
Evoke which item? (* to show all) (? for menu, Esc to quit)
Zapping:
L - a wand of heal wounds (7/9)
Press: ? - help, Shift-Dir - straight line, f - you You feel much better.
This wand has 6 charges left.
The redback bites you!
* * * LOW HITPOINT WARNING * * *
You emit a cloud of dark smoke.
The entropy weaver casts a spell.
The entropic weave corrodes you!
The vault guard hits you from afar with a bardiche!!
You die...

#.... ..W. .... #.p.#
#..# #..# . #...# #..#
#..# .. #...# #..# #[.#
... #..p#####..#####).##
....#.§..)(..[..pp....§p
.......(.........(.(pc§§
....§p##################
.....§s@ap...p......§p§.
.....§p§§p...W...p.p§§§[
########################


You could see 4 vault guards, an entropy weaver and a redback.

Vanquished Creatures
  Mara (Elf:3)
  Saint Roka (Depths:2)
  2 curse toes (Crypt:3)
  2 golden dragons
  Nikola (Swamp:2)
  A bone dragon (Depths:5)
  A pearl dragon (Depths:4)
  Jorgrun (Vaults:1)
  A tentacled monstrosity (Depths:3)
  13 liches
  A titan (Depths:5)
  A deep elf blademaster (Elf:2)
  A deep elf master archer (Elf:3)
  The ghost of Idleism the Crack Shot, an adept CeHu of Ru (Swamp:4)
  7 ancient champions
  3 tengu reavers
  Kirke (D:12)
  Donald (Snake:1)
  A storm dragon (Depths:5)
  2 daevas
  3 revenants (Crypt:3)
  4 nagarajas
  3 fire giants
  An iron dragon (Depths:5)
  8 frost giants
  3 deep elf sorcerers (Elf:3)
  3 deep elf elementalists (Elf:3)
  4 vault wardens
  A balrug (Depths:4)
  2 orc warlords (Vaults:4)
  2 angels (Depths:4)
  A caustic shrike zombie (Depths:3)
  A draconian shifter (Depths:4)
  An emperor scorpion (D:15)
  A reaper (Crypt:2)
  2 ironheart preservers
  4 curse skulls
  6 ghouls
  A juggernaut skeleton (Depths:3)
  12 very ugly things
  The ghost of bart the Unseen, an adept VSAs of Hepliaklqana (Swamp:4)
  2 spriggan defenders (Depths:4)
  5 entropy weavers
  A green draconian (Depths:5)
  13 stone giants
  14 vampire knights
  A black draconian (Depths:5)
  2 deep elf demonologists (Elf:3)
  A purple draconian (Depths:4)
  4 spark wasps (Depths:4)
  The ghost of Isidrus the Severer, a journeyman MiBe of Trog (D:12)
  10 deep elf annihilators (Elf:3)
  A dire elephant (D:15)
  An eidolon (Crypt:3)
  3 deep elf death magi (Elf:3)
  5 ettins
  11 jiangshi
  A quicksilver dragon zombie (Crypt:1)
  A deep elf high priest (Elf:3)
  3 mummy priests (Crypt:3)
  A great orb of eyes (Depths:1)
  2 servants of whispers (Desolation)
  4 yaktaur captains
  10 fire dragons
  5 ice dragons
  Erolcha (D:11)
  6 vault guards (Vaults:4)
  Fannar (Lair:3)
  4 naga warriors
  4 peacekeepers
  3 spriggan air magi
  4 hydras
  13 centaur warriors
  17 anacondas
  10 deep troll shamans
  6 ogre magi
  3 tengu warriors
  5 alligators
  A deep troll earth mage (Depths:4)
  3 orc high priests (Orc:2)
  A death yak (Lair:4)
  2 spriggan berserkers
  A titan zombie (Depths:4)
  5 naga sharpshooters
  8 hell knights
  A hell hog (Depths:5)
  3 shock serpents
  6 vampire magi
  3 soul eaters
  Sonja (D:12)
  3 storm dragon zombies
  13 skeletal warriors
  A wretched star (Abyss:2)
  A fire crab (Depths:1)
  12 shadow wraiths
  An unseen horror (shapeshifter) (Vaults:2)
  20 deep elf knights
  3 iron trolls
  A fire crab (shapeshifter) (Vaults:3)
  A sixfirhy (Depths:3)
  A salamander mystic (Snake:3)
  A deep troll (shapeshifter) (Depths:1)
  4 cherubim (Depths:4)
  A ghost moth zombie (Crypt:3)
  4 unseen horrors
  A spriggan druid (Swamp:4)
  11 deep elf archers
  27 deep trolls
  A glowing orange brain (shapeshifter) (Depths:3)
  3 wizards
  7 glowing orange brains
  4 ironbrand convokers (Vaults:2)
  2 swamp dragons
  3 naga ritualists
  7 flayed ghosts
  5 lindwurms
  A tengu zombie (Vaults:4)
  Pikel (D:8)
  A shadow dragon zombie (Crypt:1)
  7 hill giants
  10 phantasmal warriors
  12 orc knights
  4 orc sorcerers
  6 necromancers
  4 mana vipers
  A harpy (Vaults:4)
  2 iron dragon zombies (Crypt:1)
  An orb spider (shapeshifter) (Vaults:3)
  A frost giant zombie (Crypt:1)
  2 human zombies
  5 wolf spiders
  5 cyclopes
  A fire giant zombie (Crypt:3)
  10 salamanders
  5 manticores
  23 ugly things
  A human skeleton (Vaults:4)
  50 deep elf magi
  A rust devil (Depths:4)
  9 guardian serpents
  7 elephants
  26 black mambas
  5 frost giant skeletons
  An eye of devastation (shapeshifter) (Depths:4)
  2 stone giant skeletons
  A smoke demon (Depths:3)
  An apocalypse crab (Abyss:2)
  A molten gargoyle (Depths:1)
  23 spiny frogs
  A dire elephant zombie (Crypt:1)
  A guardian serpent (shapeshifter) (Vaults:2)
  5 vault sentinels
  A storm dragon simulacrum (Depths:4)
  7 torpor snails
  8 naga magi
  3 gargoyles
  2 rime drakes
  An elf zombie (Depths:3)
  A spiny frog (shapeshifter) (Vaults:4)
  2 yaktaur zombies
  A dire elephant skeleton (Crypt:1)
  19 freezing wraiths
  A golden dragon simulacrum (Crypt:1)
  A komodo dragon (shapeshifter) (Vaults:2)
  5 komodo dragons
  40 yaktaurs
  An elf skeleton (Depths:4)
  A tormentor (Depths:3)
  An efreet (Abyss:2)
  11 guardian mummies (Crypt:3)
  A yaktaur (shapeshifter) (Depths:2)
  An ice devil (Depths:4)
  2 hellwings
  3 tengu conjurers
  A catoblepas skeleton (Crypt:1)
  A harpy zombie (Crypt:1)
  A queen bee (shapeshifter) (D:14)
  A wolf spider simulacrum (Crypt:1)
  A hornet (shapeshifter) (Vaults:2)
  A polar bear (Lair:6)
  5 trolls
  An iron troll skeleton (Crypt:2)
  A sea snake skeleton (Crypt:3)
  Prince Ribbit (D:5)
  9 saltlings (Desolation)
  5 tyrant leeches
  A minotaur skeleton (Crypt:1)
  A minotaur zombie (Crypt:1)
  5 two-headed ogres
  21 hornets
  A sphinx simulacrum (Depths:5)
  A hydra skeleton (Crypt:3)
  30 dancing weapons
  9 hippogriffs
  12 dream sheep
  A dream sheep (shapeshifter) (Depths:1)
  2 bog bodies
  4 raiju (Abyss:2)
  10 blink frogs
  2 frost giant simulacra (Crypt:1)
  33 slime creatures
  8 redbacks
  3 ynoxinuls
  5 shadows
  12 spriggans
  5 air elementals
  5 flying skulls
  8 water elementals
  A dire elephant simulacrum (Crypt:1)
  2 fire dragon skeletons (Crypt:3)
  4 fire bats
  The ghost of Philosophy the Skirmisher, an amateur HOFi (D:4)
  13 wraiths
  4 wyverns
  7 basilisks
  25 yaks
  2 vampires
  3 fire elementals
  2 hogs (D:12)
  14 humans (D:14)
  A steam dragon (Lair:6)
  A basilisk (shapeshifter) (Vaults:1)
  3 black mamba skeletons
  A human (shapeshifter) (Vaults:4)
  5 vampire mosquitoes
  A warg (shapeshifter) (D:15)
  A wind drake skeleton (Crypt:3)
  A black draconian simulacrum (Crypt:1)
  A neqoxec (Abyss:2)
  16 swamp worms
  8 wargs
  3 insubstantial wisps
  24 nagas
  4 small abominations (Abyss:2)
  6 mottled dragons
  12 water moccasins
  8 porcupines
  33 orc warriors
  3 hydra simulacra (Crypt:1)
  A deep troll skeleton (Crypt:1)
  A spiny frog skeleton (Crypt:1)
  4 ice beasts
  6 swamp drakes
  An alligator simulacrum (Crypt:1)
  An ettin simulacrum (Crypt:1)
  4 sky beasts
  3 eyes of draining
  2 necrophages
  A phantom (D:8)
  23 ogres
  A wolf (Lair:6)
  19 boggarts
  2 snapping turtle skeletons
  6 large abominations (Abyss:2)
  27 centaurs
  16 crocodiles
  2 big kobolds
  A cyclops zombie (Crypt:3)
  A hippogriff skeleton (Crypt:3)
  15 bullfrogs
  2 earth elementals
  A merfolk simulacrum (Crypt:1)
  2 water moccasin zombies
  A wyvern zombie (D:10)
  A spiny frog simulacrum (Crypt:1)
  2 wyvern skeletons
  2 scorpions (D:10)
  6 killer bees
  A spriggan zombie (Crypt:1)
  A swamp dragon simulacrum (Crypt:1)
  2 snapping turtle simulacra (Crypt:1)
  3 wights
  2 howler monkeys (D:9)
  A lava snake (Swamp:4)
  10 crimson imps
  A wolf skeleton (Crypt:3)
  3 bullfrog zombies
  2 hounds
  4 centaur zombies
  4 quasits
  36 orc priests
  3 bullfrog skeletons
  2 iron imps
  29 orc wizards
  5 centaur skeletons
  5 jellies
  7 iguanas
  3 hell rats
  13 worker ants
  A dwarf skeleton (Crypt:3)
  A big kobold skeleton (Crypt:1)
  A hound zombie (D:6)
  2 human simulacra
  A hound skeleton (D:4)
  A howler monkey skeleton (D:9)
  7 gnolls
  A swamp drake zombie (Crypt:2)
  A worker ant zombie (D:10)
  13 adders
  A hound simulacrum (D:10)
  4 shadow imps
  An ufetubus (Abyss:2)
  4 oozes
  2 iguana zombies (Crypt:2)
  An adder skeleton (D:10)
  A worm (D:2)
  2 dart slugs (D:1)
  6 leopard geckos
  93 orcs
  2 ball pythons
  9 giant cockroaches
  9 goblins
  7 hobgoblins
  10 jackals
  15 kobolds
  4 quokkas
  7 bats
  8 frilled lizards
  A giant cockroach zombie (D:6)
  A jackal skeleton (D:4)
  A leopard gecko zombie (D:5)
  A quokka skeleton (D:5)
  2 quokka zombies (D:5)
  11 rats
  A crawling corpse (Elf:3)
1750 creatures vanquished.

Vanquished Creatures (collateral kills)
  2 juggernauts
  Frederick (Crypt:2)
  Vashnia (Snake:3)
  A tentacled monstrosity (Vaults:5)
  A thorn hunter (Swamp:4)
  2 daevas (Depths:4)
  A draconian monk (Depths:5)
  4 nagarajas
  2 frost giants
  A deep elf sorcerer (Vaults:2)
  An orc warlord (Orc:2)
  5 vault wardens
  Aizul (Snake:1)
  2 spriggan defenders (Depths:4)
  5 very ugly things
  An angel (Depths:4)
  An ironheart preserver (Vaults:3)
  3 stone giants
  A deep elf annihilator (Elf:3)
  A crystal guardian (Vaults:4)
  3 ettins
  A minotaur (Lab)
  2 merfolk impalers
  5 fire dragons
  2 deep elf high priests
  Josephine (D:13)
  2 yaktaur captains
  11 vault guards
  A great orb of eyes (Vaults:5)
  8 deep elf death magi
  4 rakshasas
  6 naga warriors
  A peacekeeper (Vaults:4)
  An ice dragon (Depths:5)
  15 hydras
  2 centaur warriors
  5 death knights
  3 ogre magi
  5 anacondas (Snake:4)
  A dancing weapon (Elf:2)
  A tengu warrior (Depths:1)
  2 deep troll shamans
  An alligator (Swamp:2)
  4 naga sharpshooters (Snake:3)
  2 orc high priests
  A deep troll earth mage (Depths:5)
  A shock serpent (Snake:4)
  2 spriggan berserkers (Depths:5)
  7 deep elf knights
  A soul eater (Crypt:1)
  7 skeletal warriors
  A fire crab (Swamp:4)
  2 cherubim (Depths:4)
  2 salamander mystics
  5 hell knights
  A death drake (shapeshifter) (Depths:4)
  6 deep trolls (Depths:5)
  A swamp dragon (Swamp:4)
  9 deep elf archers
  A glowing orange brain (Vaults:2)
  5 naga ritualists
  4 spriggan druids
  5 wizards
  5 shambling mangroves
  4 ironbrand convokers
  6 necromancers
  9 orc knights
  3 orc sorcerers
  28 deep elf magi
  A hill giant (D:14)
  2 wolf spiders
  5 ugly things
  5 mana vipers
  An oklob plant (Lair:4)
  2 cyclopes (Vaults:1)
  2 salamanders
  Maurice (D:8)
  5 guardian serpents (Snake:4)
  A black mamba (shapeshifter) (Depths:5)
  16 naga magi
  A rust devil (Depths:4)
  6 elephants
  4 black mambas
  6 vault sentinels
  A titan simulacrum (Crypt:1)
  Psyche (D:9)
  A torpor snail (shapeshifter) (Depths:2)
  An apocalypse crab (Abyss:2)
  5 spiny frogs
  A rime drake (Lair:6)
  A komodo dragon (Lair:5)
  16 yaktaurs
  3 freezing wraiths (Crypt:1)
  A golden dragon simulacrum (Crypt:1)
  A jumping spider (Vaults:4)
  2 trolls
  4 tyrant leeches
  2 bog bodies
  9 hornets
  A shadow dragon simulacrum (Crypt:1)
  5 saltlings (Desolation)
  14 slime creatures
  9 two-headed ogres
  3 dream sheep (Lair:6)
  5 blink frogs
  A hippogriff (D:14)
  An air elemental (Elf:2)
  A shadow (D:11)
  2 spriggans (shapeshifter)
  4 water elementals
  3 spriggans
  3 wraiths
  12 yaks
  An ettin skeleton (Crypt:1)
  A fire bat (Swamp:4)
  A basilisk (Lair:6)
  A fire elemental (Elf:3)
  2 hogs (D:12)
  5 humans (D:14)
  13 vampire mosquitoes
  A chaos spawn (Abyss:2)
  5 mottled dragons (Swamp:4)
  A steam dragon (Swamp:4)
  5 insubstantial wisps
  4 wargs
  32 nagas
  4 swamp worms
  2 water moccasins
  33 orc warriors
  5 small abominations (Abyss:2)
  4 swamp drakes
  4 large abominations (Abyss:2)
  A necrophage (D:10)
  A snapping turtle zombie (Crypt:1)
  A boggart (Vaults:3)
  11 centaurs
  2 wolves (Lair:6)
  A centaur (shapeshifter) (Depths:5)
  2 human zombies
  23 ogres
  2 crocodiles
  3 bullfrogs
  A rime drake skeleton (Crypt:1)
  An earth elemental (Elf:2)
  A spiny frog simulacrum (Crypt:1)
  A yak zombie (Crypt:1)
  5 wights
  2 killer bees
  A lava snake (Depths:1)
  A quasit (Abyss:2)
  A hound (D:10)
  2 bullfrog skeletons
  21 orc priests
  4 iguanas
  24 orc wizards
  A worker ant (D:7)
  3 hell rats (Lair:5)
  An adder (D:10)
  62 orcs
  2 jackals (D:11)
  A briar patch (Swamp:4)
  A crawling corpse (Elf:3)
  2 plants
722 creatures vanquished.

Vanquished Creatures (others)
  A yaktaur captain (Vaults:1)
  A hydra (Swamp:4)
  2 swamp dragons (Swamp:4)
  A lindwurm (Swamp:4)
  A molten gargoyle (Depths:1)
  30 dancing weapons
  A saltling (Desolation)
  A human (D:12)
  A steam dragon (Swamp:4)
  A mottled dragon (Swamp:4)
  A swamp worm (Swamp:4)
  3 swamp drakes (Swamp:4)
  A boggart (Depths:3)
  A centaur (Vaults:4)
  A crocodile (Lair:5)
  19 fungi
  31 plants
  9 starspawn tentacles (Abyss:2)
106 creatures vanquished.

Grand Total: 2578 creatures vanquished

Notes
Turn   | Place    | Note
-------+----------+-------------------------------------------
     0 | D:1      | dvd the Felid Enchanter began the quest for the Orb.
     0 | D:1      | Reached XP level 1. HP: 7/7 MP: 4/4
   398 | D:1      | Reached XP level 2. HP: 11/11 MP: 6/6
   478 | D:1      | Learned a level 2 spell: Ensorcelled Hibernation
  1239 | D:1      | Reached XP level 3. HP: 14/14 MP: 7/7
  1360 | D:1      | Learned a level 3 spell: Confuse
  1629 | D:2      | Found a faded altar of an unknown god.
  1643 | D:2      | Reached skill level 5 in Stealth
  1643 | D:2      | Reached skill level 5 in Hexes
  2011 | D:2      | Reached XP level 4. HP: 18/18 MP: 0/8
  2751 | D:2      | Reached skill level 1 in Ice Magic
  2926 | D:3      | Reached XP level 5. HP: 21/21 MP: 9/9
  3428 | D:2      | Learned a level 3 spell: Dazzling Spray
  3539 | D:3      | Reached skill level 6 in Stealth
  3557 | D:3      | Paralysed by an orc priest for 2 turns
  4092 | D:4      | Noticed an ogre
  4093 | D:4      | Found a white marble altar of Elyvilon.
  4337 | D:4      | Noticed an ogre
  4341 | D:4      | Noticed Philosophy's ghost (amateur HOFi)
  4535 | D:4      | Killed an ogre
  4535 | D:4      | Gained mutation: You are covered in thick fur. (AC +2) [Felid growth]
  4535 | D:4      | Reached XP level 6. HP: 25/25 MP: 0/12
  4763 | D:4      | Noticed a hand axe
  4764 | D:4      | Found a hide-covered altar of Uskayaw.
  4764 | D:4      | Noticed a dagger
  4780 | D:4      | Found a staircase to the Ecumenical Temple.
  4788 | Temple   | Entered the Ecumenical Temple
  4943 | D:4      | Found a burning altar of Makhleb.
  4957 | D:4      | Learned a level 3 spell: Tukima's Dance
  5071 | D:4      | Found a glowing golden altar of the Shining One.
  5652 | D:4      | Killed Philosophy's ghost
  5652 | D:4      | Reached skill level 7 in Stealth
  5652 | D:4      | Reached XP level 7. HP: 28/28 MP: 4/14
  5828 | D:5      | Entered Level 5 of the Dungeon
  5839 | D:5      | Found an iron altar of Okawaru.
  5939 | D:5      | Noticed Prince Ribbit
  5960 | D:5      | Killed Prince Ribbit
  6094 | D:5      | You fall through a shaft for 2 floors!
  6094 | D:7      | Found a snail-covered altar of Cheibriados.
  6094 | D:7      | Found a shattered altar of Ashenzari.
  6096 | D:7      | Reached skill level 8 in Stealth
  6223 | D:7      | Reached skill level 1 in Fighting
  6267 | D:5      | Reached XP level 8. HP: 32/32 MP: 15/15
  6741 | D:5      | Reached skill level 9 in Stealth
  8077 | D:6      | Reached skill level 5 in Spellcasting
  8295 | D:6      | Reached skill level 10 in Stealth
  8306 | D:6      | Gained mutation: You are resistant to hostile enchantments. (MR+) [potion of mutation]
  8306 | D:6      | Gained mutation: Your spells are a little harder to cast, but a little more powerful. [potion of mutation]
  8306 | D:6      | Gained mutation: Your magical capacity is low. (-10% MP) [potion of mutation]
  8307 | D:6      | Lost mutation: Your spells are a little harder to cast, but a little more powerful. [potion of mutation]
  8307 | D:6      | Lost mutation: Your magical capacity is low. (-10% MP) [potion of mutation]
  8307 | D:6      | Gained mutation: You are partially covered in large bone plates. (SH +4) [potion of mutation]
  8628 | D:6      | Learned a level 2 spell: Call Imp
  9037 | D:6      | Found a burning altar of Makhleb.
  9039 | D:6      | Noticed a cacodemon
  9166 | D:6      | Reached XP level 9. HP: 37/37 MP: 11/18
  9299 | D:6      | Found a sparkling altar of Nemelex Xobeh.
 10112 | D:6      | Learned a level 3 spell: Call Canine Familiar
 10117 | D:7      | Reached skill level 1 in Conjurations
 10721 | D:8      | Found a staircase to the Lair.
 10722 | D:8      | Noticed a komodo dragon
 10746 | D:8      | Reached skill level 1 in Summonings
 10871 | D:8      | Noticed Maurice
 10893 | D:8      | Killed Maurice
 10893 | D:8      | Reached skill level 1 in Evocations
 11192 | D:8      | Killed a komodo dragon
 11194 | D:8      | Found Raek's Gadget Boutique.
 11197 | D:8      | Bought a wand of teleportation (4/9) for 264 gold pieces
 11203 | D:8      | Noticed Pikel
 11264 | D:8      | Reached skill level 11 in Stealth
 11603 | D:8      | Reached XP level 10. HP: 43/43 MP: 14/20
 12433 | D:9      | Noticed Psyche
 12461 | D:9      | Killed Psyche
 12461 | D:9      | Reached skill level 10 in Hexes
 12907 | D:8      | Reached skill level 5 in Fighting
 13278 | D:8      | Killed Pikel
 13530 | D:9      | Learned a level 4 spell: Summon Ice Beast
 13875 | D:9      | Found a shadowy altar of Dithmenos.
 13878 | D:9      | Became a worshipper of Dithmenos the Shadowed
 14198 | D:10     | Entered Level 10 of the Dungeon
 14214 | D:10     | Noticed a guardian serpent
 14274 | D:10     | Killed a guardian serpent
 14533 | D:10     | Reached * piety under Dithmenos
 14562 | D:10     | Reached skill level 5 in Unarmed Combat
 14694 | D:10     | Reached skill level 12 in Stealth
 15057 | Lair:1   | Entered Level 1 of the Lair of Beasts
 15080 | Lair:1   | Reached XP level 11. HP: 49/49 MP: 20/23
 16117 | Lair:2   | Reached ** piety under Dithmenos
 16354 | Lair:2   | Reached skill level 13 in Stealth
 16576 | Lair:2   | Found a staircase to the Snake Pit.
 17268 | Lair:2   | Gained mutation: Your thick and shaggy fur keeps you warm. (AC +3, rC+) [Felid growth]
 17268 | Lair:2   | Reached XP level 12. HP: 53/55 MP: 5/25
 17516 | Lair:2   | Learned a level 4 spell: Summon Lightning Spire
 17751 | Lair:3   | Reached skill level 5 in Dodging
 18003 | Lair:3   | Noticed Fannar
 18572 | Lair:3   | Killed Fannar
 18897 | Lair:4   | Noticed a death yak
 18912 | Lair:4   | Killed a death yak
 18912 | Lair:4   | Reached skill level 14 in Stealth
 18971 | Lair:4   | Found a staircase to the Swamp.
 19022 | Lair:4   | Reached *** piety under Dithmenos
 19771 | Lair:5   | Noticed a five-headed hydra
 20496 | Lair:5   | Found a staircase to the Slime Pits.
 20706 | Lair:5   | Killed a five-headed hydra
 21271 | Lair:5   | Reached skill level 1 in Air Magic
 21690 | Lair:6   | Entered Level 6 of the Lair of Beasts
 21711 | Lair:6   | Reached skill level 5 in Ice Magic
 21766 | Lair:6   | Reached **** piety under Dithmenos
 21874 | Lair:6   | Reached XP level 13. HP: 58/58 MP: 9/27
 21890 | Lair:6   | Reached skill level 5 in Summonings
 21895 | Lair:6   | Reached skill level 10 in Spellcasting
 22333 | Lair:6   | Reached skill level 15 in Stealth
 23037 | Lair:6   | Noticed a fire dragon
 24180 | D:11     | Reached ***** piety under Dithmenos
 24338 | D:11     | Noticed Erolcha
 24347 | D:11     | Killed Erolcha
 24858 | D:8      | Bought a wand of hasting (5/9) for 594 gold pieces
 25699 | D:12     | Noticed Kirke
 25754 | D:12     | Killed Kirke
 25754 | D:12     | Reached skill level 16 in Stealth
 25760 | D:12     | Noticed Isidrus's ghost (journeyman MiBe)
 26081 | D:12     | Noticed Sonja
 26084 | D:12     | Killed Sonja
 26267 | D:12     | Found a staircase to the Orcish Mines.
 26661 | Lair:5   | Reached XP level 14. HP: 63/63 MP: 19/30
 26969 | Lair:6   | Found a runed door.
 27834 | Orc:1    | Entered Level 1 of the Orcish Mines
 28066 | Orc:1    | Reached ****** piety under Dithmenos
 28130 | Orc:1    | Found Gemajar's Goods Gallery.
 29018 | Orc:1    | Identified a scroll of acquirement
 29027 | Orc:1    | Learned a level 6 spell: Deflect Missiles
 29034 | Orc:1    | Learned a level 4 spell: Cause Fear
 29040 | Orc:1    | Learned a level 5 spell: Yara's Violent Unravelling
 29237 | Orc:2    | Entered Level 2 of the Orcish Mines
 29760 | Orc:2    | Reached skill level 1 in Charms
 29996 | Orc:2    | Found a staircase to the Elven Halls.
 30343 | Orc:2    | Noticed an orc warlord
 30838 | Orc:2    | Killed an orc warlord
 31186 | Orc:2    | Gained mutation: You are robust. (+10% HP) [a neqoxec]
 32264 | Orc:2    | Found Lunges's General Store.
 32294 | Orc:2    | Found Xeuloh's Antique Armour Shoppe.
 32294 | Orc:2    | Found Zulayg's Antique Weapon Emporium.
 32295 | Orc:2    | Found Zamac's Book Shoppe.
 32320 | Orc:2    | Bought a book of Battle for 560 gold pieces
 32324 | Orc:2    | Learned a level 2 spell: Shroud of Golubria
 32328 | Orc:2    | Learned a level 3 spell: Regeneration
 33041 | D:13     | Noticed Josephine
 33051 | D:13     | Killed Josephine
 33144 | D:13     | Found Lirisa's Quality Used Wands.
 34356 | D:14     | Found a gate to the Vaults.
 34562 | D:14     | Reached XP level 15. HP: 73/73 MP: 31/31
 35216 | D:12     | Killed Isidrus's ghost
 35420 | Snake:1  | Entered Level 1 of the Snake Pit
 35425 | Snake:1  | Reached skill level 17 in Stealth
 35436 | Snake:1  | Noticed Aizul
 35446 | Snake:1  | Mangled by Aizul
 35447 | Snake:1  | Reached XP level 14. HP: -11/70 MP: 27/31
 35455 | Snake:1  | Noticed Donald
 35458 | Snake:1  | Killed Donald
 35719 | Snake:1  | Reached skill level 1 in Invocations
 35721 | Snake:1  | Reached skill level 5 in Charms
 36540 | Orc:2    | Bought a book of Spatial Translocations for 910 gold pieces
 36543 | Orc:2    | Learned a level 2 spell: Blink
 37302 | Snake:1  | Killed Aizul
 37444 | Snake:1  | Found Fueshrer's Jewellery Boutique.
 37444 | Snake:1  | Found Carurphuh's Gadget Shoppe.
 37445 | Snake:1  | Found Feeppys's Gadget Shoppe.
 37746 | Snake:2  | Reached skill level 5 in Air Magic
 37759 | Snake:2  | Noticed a nagaraja
 38412 | Snake:2  | Killed a nagaraja
 38662 | Snake:3  | Reached skill level 15 in Hexes
 38853 | Snake:3  | Reached skill level 1 in Transmutations
 38993 | Snake:3  | Noticed Vashnia
 39308 | Snake:3  | Noticed a nagaraja
 39334 | Snake:3  | Killed a nagaraja
 39504 | Snake:3  | Reached XP level 15. HP: 51/73 MP: 21/32
 39804 | Snake:3  | Killed Vashnia
 39804 | Snake:3  | Reached skill level 1 in Translocations
 39978 | Snake:3  | Noticed a nagaraja
 39981 | Snake:3  | Killed a nagaraja
 40463 | Snake:1  | Bought the ring of Dohoetaq {rN+ AC+4 Str+4} for 1000 gold pieces
 40592 | Snake:4  | Entered Level 4 of the Snake Pit
 41237 | Snake:4  | Noticed a nagaraja
 41395 | Snake:4  | Killed a nagaraja
 42606 | Snake:4  | Noticed a nagaraja
 42622 | Snake:4  | Killed a nagaraja
 43084 | Snake:4  | Noticed a nagaraja
 43188 | Snake:4  | Noticed a nagaraja
 43497 | Snake:4  | Killed a nagaraja
 43974 | Snake:4  | Killed a nagaraja
 43974 | Snake:4  | Reached skill level 1 in Necromancy
 44164 | Snake:4  | Reached XP level 16. HP: 79/79 MP: 30/34
 44482 | Snake:4  | Got a serpentine rune of Zot
 45055 | D:15     | Entered Level 15 of the Dungeon
 45124 | D:15     | Found a labyrinth entrance.
 45178 | Lab      | Entered a labyrinth
 45490 | Lab      | Identified Gepair's Compendium of Curses
 45498 | Lab      | Identified Ruangami's Collected Works on the Blaze and Venom
 46124 | D:15     | Found a staircase to the Depths.
 46344 | D:15     | Reached skill level 18 in Stealth
 46600 | Swamp:1  | Entered Level 1 of the Swamp
 47317 | Swamp:1  | HP: 1/79 [very large slime creature (58)]
 48110 | Swamp:2  | Reached skill level 10 in Charms
 48500 | Swamp:2  | Noticed Nikola
 48509 | Swamp:2  | Killed from afar by Nikola
 48510 | Swamp:2  | Reached XP level 15. HP: -20/73 MP: 31/33
 48552 | Swamp:2  | Killed Nikola
 49402 | Swamp:3  | Learned a level 4 spell: Animate Dead
 50228 | Swamp:4  | Entered Level 4 of the Swamp
 50558 | Swamp:4  | Noticed bart's ghost (adept VSAs)
 50575 | Swamp:4  | Noticed Idleism's ghost (adept CeHu)
 50996 | Vaults:1 | Entered Level 1 of the Vaults
 51037 | Vaults:1 | Noticed a vault warden
 51062 | Vaults:1 | Killed a vault warden
 51197 | Vaults:1 | Reached XP level 16. HP: 79/79 MP: 23/34
 52938 | Vaults:1 | Noticed Jorgrun
 52943 | Vaults:1 | Killed Jorgrun
 53172 | Vaults:2 | Learned a level 3 spell: Recall
 53292 | Vaults:2 | Reached skill level 10 in Unarmed Combat
 53717 | Vaults:2 | Got a clouded granite ring
 53719 | Vaults:2 | Identified the ring "Douq" {*Slow rElec rC+ rN++ SInv} (You found it on level 2 of the Vaults)
 54614 | Vaults:2 | Found a staircase to the Crypt.
 54931 | Vaults:3 | Reached skill level 19 in Stealth
 55078 | Vaults:3 | Reached skill level 5 in Necromancy
 55678 | Vaults:3 | Noticed a lich
 55681 | Vaults:3 | Killed a lich
 55692 | Vaults:3 | Noticed Mennas
 56174 | Elf:1    | Entered Level 1 of the Elven Halls
 56182 | Elf:1    | Reached XP level 17. HP: 82/82 MP: 36/36
 56339 | Elf:1    | Found a flickering gateway to a bazaar.
 56359 | Bazaar   | Entered a bazaar
 56361 | Bazaar   | Found Cicisa Suyh's Antique Armour Boutique.
 56365 | Bazaar   | Found Koalel's General Store.
 56365 | Bazaar   | Found Rekused's Magic Scroll Boutique.
 56365 | Bazaar   | Found Doanehoe's Jewellery Boutique.
 56381 | Bazaar   | Bought a scroll of recharging for 133 gold pieces
 57554 | Elf:2    | Found Jaukeih's Antique Armour Emporium.
 57665 | Elf:2    | Found a radiant altar of Vehumet.
 57804 | Elf:2    | Found a runed gate.
 57804 | Elf:2    | Found a runed gate.
 57804 | Elf:2    | Found a runed gate.
 58535 | Elf:2    | Noticed a deep elf blademaster
 58674 | Elf:2    | Learned a level 5 spell: Agony
 59367 | Swamp:3  | Learned a level 5 spell: Dispel Undead
 59965 | Swamp:4  | Killed Idleism's ghost
 60507 | Swamp:4  | Reached skill level 15 in Spellcasting
 60807 | Swamp:4  | Killed bart's ghost
 61059 | Swamp:4  | Got a decaying rune of Zot
 62458 | Crypt:1  | Entered Level 1 of the Crypt
 62568 | Crypt:1  | Reached XP level 18. HP: 86/86 MP: 2/38
 62921 | Crypt:1  | Noticed a lich
 63097 | Crypt:1  | Noticed a lich
 63175 | Crypt:1  | Killed a lich
 63186 | Crypt:1  | Noticed an Ice Fiend
 63270 | Crypt:1  | Killed a lich
 63356 | Crypt:1  | Mangled by a jiangshi
 63357 | Crypt:1  | Reached XP level 17. HP: -7/82 MP: 23/37
 65126 | Crypt:1  | Noticed a lich
 65178 | Crypt:1  | Killed a lich
 66493 | Crypt:2  | Reached skill level 10 in Necromancy
 66763 | Crypt:2  | Noticed a lich
 66766 | Crypt:2  | Killed a lich
 67165 | Crypt:2  | Reached XP level 18. HP: 86/86 MP: 17/38
 67307 | Crypt:2  | Noticed Frederick
 67319 | Crypt:2  | Killed Frederick
 67462 | Crypt:2  | Noticed a lich
 67469 | Crypt:2  | Killed a lich
 68196 | Crypt:3  | Entered Level 3 of the Crypt
 69144 | Crypt:3  | Found a staircase to the Tomb.
 69293 | Crypt:3  | Noticed a lich
 69302 | Crypt:3  | Killed a lich
 70198 | Crypt:3  | Found a basalt altar of Yredelemnul.
 70198 | Crypt:3  | Noticed a curse toe
 70229 | Crypt:3  | Killed a curse toe
 70272 | Crypt:3  | Noticed a curse toe
 70292 | Crypt:3  | Found an ancient bone altar of Kikubaaqudgha.
 70296 | Crypt:3  | Killed a curse toe
 70344 | Crypt:3  | Identified the Grimoire of Black Magic
 70397 | Crypt:3  | Got an ancient bone ring
 70399 | Crypt:3  | Identified the ring of the Disturbing Gods {+Inv rF+ rN+} (You found it on level 3 of the Crypt)
 70401 | Crypt:3  | Got a pitted silver ring
 70403 | Crypt:3  | Identified the ring "Uneqiakh" {rC++ rN+ MR+} (You found it on level 3 of the Crypt)
 70514 | Crypt:3  | Learned a level 5 spell: Bolt of Draining
 71139 | Elf:2    | Reached XP level 19. HP: 91/91 MP: 3/40
 72771 | Elf:3    | Entered Level 3 of the Elven Halls
 72823 | Elf:3    | Found Poude's Weapon Shop.
 73045 | Elf:3    | Noticed Mara
 73054 | Elf:3    | Killed Mara
 73054 | Elf:3    | Reached skill level 10 in Fighting
 73331 | Elf:3    | Mangled by a dire flail of protection
 73332 | Elf:3    | Reached XP level 18. HP: -12/88 MP: 13/39
 73420 | Elf:3    | Found a deep blue altar of Sif Muna.
 75067 | Elf:3    | Reached skill level 10 in Dodging
 76753 | Depths:1 | Entered Level 1 of the Depths
 76771 | Depths:1 | Cast into level 2 of the Abyss (hell knight)
 76871 | Abyss:2  | Noticed a lich
 76875 | Abyss:2  | Killed a lich
 77081 | Abyss:2  | Learned a level 5 spell: Aura of Abjuration
 77108 | Abyss:2  | Found a shadowy altar of Dithmenos.
 77733 | Abyss:2  | Reached XP level 19. HP: 67/76 MP: 17/41
 78130 | Depths:1 | Escaped the Abyss
 78401 | Depths:1 | Found a one-way gate leading to the halls of Pandemonium.
 79495 | Depths:1 | Found a gateway to Hell.
 80139 | Depths:1 | Found Teileo Poygh's Jewellery Emporium.
 80586 | Depths:1 | Identified the Papyrus of Fire
 80852 | Depths:1 | Reached skill level 20 in Stealth
 81555 | Depths:2 | Noticed Saint Roka
 81594 | Depths:2 | Killed Saint Roka
 81925 | Depths:2 | Found a gateway to a ziggurat.
 83288 | Depths:3 | Found Yrghituf's Assorted Antiques.
 83290 | Depths:3 | Found Kifer's Gadget Shop.
 83292 | Depths:3 | Found Plog's Jewellery Boutique.
 83430 | Depths:3 | Learned a level 4 spell: Animate Dead
 83690 | Depths:3 | Slain by a sphinx simulacrum
 83691 | Depths:3 | Reached XP level 18. HP: -5/90 MP: 17/40
 83728 | Depths:3 | Reached skill level 10 in Summonings
 83752 | Depths:2 | Noticed a lich
 83756 | Depths:2 | Killed a lich
 83756 | Depths:2 | Reached XP level 19. HP: 66/95 MP: 25/41
 83878 | Depths:3 | Reached skill level 5 in Translocations
 84273 | Depths:3 | Reached skill level 5 in Conjurations
 84851 | Depths:4 | Found a one-way gate to the infinite horrors of the Abyss.
 87630 | Vaults:4 | Found a ruined gateway.
 87829 | Desolati | Entered the Desolation of Salt
 88981 | Vaults:4 | Noticed a lich
 88986 | Vaults:4 | Killed a lich
 89933 | Vaults:4 | Reached XP level 20. HP: 102/102 MP: 12/43
 91347 | Depths:5 | Entered Level 5 of the Depths
 91417 | Depths:5 | Noticed a bone dragon
 91811 | Depths:5 | Noticed a juggernaut
 92580 | Depths:5 | Noticed a golden dragon
 92586 | Depths:5 | Killed a golden dragon
 92839 | Depths:5 | Killed a bone dragon
 92864 | Depths:5 | Noticed a golden dragon
 93002 | Depths:4 | Killed a golden dragon
 93696 | Depths:5 | Found Vosiugeuxi's Armour Emporium.
 94025 | Depths:5 | Killed a juggernaut
 94808 | Depths:5 | Reached skill level 21 in Stealth
 94972 | Depths:5 | Found a gate to the Realm of Zot.
 95501 | Depths:4 | Reached XP level 21. HP: 94/107 MP: 24/45
 96044 | Depths:4 | Noticed a juggernaut
 96295 | Depths:4 | Learned a level 6 spell: Shadow Creatures
 96316 | Depths:4 | Killed a juggernaut
 96805 | Depths:4 | Found a glowing silver altar of Zin.
 98510 | Vaults:5 | Entered Level 5 of the Vaults
 98878 | Vaults:5 | HP: 3/108 [deep troll (16)]
 98878 | Vaults:5 | Annihilated by a phantasmal warrior
 98879 | Vaults:5 | Reached XP level 20. HP: -29/104 MP: 44/44
 98958 | Vaults:5 | HP: 5/104 [vault guard/bardiche of freezing (4)]
 98959 | Vaults:5 | Slain by a vault guard

Skill      XL: |  1  2  3  4  5  6  7  8  9 10 11 12 13 14 15 16 17 18 19 20 21 |
---------------+----------------------------------------------------------------+-----
Dodging        | 3 4 6 7 10 9 11 | 11.1
Stealth        | 5 6 7 8 10 11 12 13 14 16 17 19 20 21 | 21.1
Hexes          | 5 6 7 8 9 10 11 12 13 15 16 17 18 19 | 19.4
Ice Magic      | 1 2 3 4 5 6 7 8 |  8.3
Unarmed Combat | 2 3 4 5 6 8 9 10 11 | 11.3
Spellcasting   | 3 4 5 6 7 8 9 11 13 14 15 17 18 19 | 19.3
Fighting       | 1 2 4 6 8 9 12 13 14 | 14.1
Conjurations   | 1 2 3 4 5 6 |  6.6
Summonings     | 1 2 3 4 5 7 8 9 10 11 | 11.0
Evocations     | 1 2 3 |  3.4
Air Magic      | 1 2 5 8 9 |  9.9
Charms         | 6 9 11 13 14 | 14.6
Invocations    | 1 |  1.7
Transmutations | 1 2 3 |  3.3
Translocations | 1 3 5 |  5.7
Necromancy     | 2 5 10 12 13 | 13.8

Action                   |  1- 3 |  4- 6 |  7- 9 | 10-12 | 13-15 | 16-18 | 19-21 || total
-------------------------+-------+-------+-------+-------+-------+-------+-------++-------
Melee: Unarmed           |    79 |    95 |   222 |   307 |   650 |   527 |   440 ||  2320
       Bite              |     6 |     6 |    13 |    20 |    27 |    45 |    27 ||   144
       Punch             |       |       |       |     6 |     8 |    13 |    19 ||    46
 Cast: Corona            |     9 |       |     1 |       |       |       |       ||    10
       Ensorcelled Hiber |    34 |    51 |    57 |   120 |   266 |    51 |       ||   579
       Confuse           |       |    27 |    51 |    99 |   190 |   181 |   137 ||   685
       Dazzling Spray    |       |     6 |    14 |    35 |   114 |   221 |   235 ||   625
       Tukima's Dance    |       |       |     9 |    11 |   137 |    81 |   116 ||   354
       Call Imp          |       |       |     5 |     1 |     4 |       |       ||    10
       Call Canine Famil |       |       |     7 |    11 |     2 |       |       ||    20
       Summon Ice Beast  |       |       |       |    48 |   171 |   120 |    52 ||   391
       Summon Lightning  |       |       |       |    19 |   203 |   229 |   171 ||   622
       Regeneration      |       |       |       |       |    45 |    54 |    55 ||   154
       Yara's Violent Un |       |       |       |       |    26 |    43 |    54 ||   123
       Shroud of Golubri |       |       |       |       |    31 |     3 |       ||    34
       Deflect Missiles  |       |       |       |       |    14 |     8 |    10 ||    32
       Blink             |       |       |       |       |     9 |    46 |    81 ||   136
       Animate Dead      |       |       |       |       |    11 |    74 |    69 ||   154
       Recall            |       |       |       |       |       |    17 |     3 ||    20
       Dispel Undead     |       |       |       |       |       |   310 |    58 ||   368
       Agony             |       |       |       |       |       |     6 |       ||     6
       Bolt of Draining  |       |       |       |       |       |    83 |   323 ||   406
       Aura of Abjuratio |       |       |       |       |       |     1 |    10 ||    11
       Shadow Creatures  |       |       |       |       |       |       |    34 ||    34
Invok: Shadow Step       |       |       |       |       |    15 |    16 |    19 ||    50
Evoke: Wand              |       |     1 |    16 |     3 |    37 |    27 |    62 ||   146
       Box of beasts     |       |       |       |       |       |       |     1 ||     1
  Use: Scroll            |       |     1 |    14 |    14 |    20 |    34 |    23 ||   106
       Potion            |       |       |    14 |     3 |    12 |    12 |    10 ||    51
 Stab: Sleeping          |    32 |    44 |    58 |   126 |   285 |   155 |    87 ||   787
       Confused          |       |     7 |    22 |    37 |    62 |    54 |    49 ||   231
       Invisible         |       |     1 |     4 |     4 |     7 |     2 |     6 ||    24
       Paralysed         |       |     3 |       |       |       |       |     1 ||     4
       Fleeing           |       |       |       |     1 |       |       |       ||     1
       Distracted        |       |       |       |     2 |     9 |    12 |    10 ||    33
  Eat: Chunk             |    12 |     7 |    22 |    25 |    70 |    62 |    67 ||   265
       Royal jelly       |       |       |       |       |     1 |       |       ||     1
       Meat ration       |       |       |       |       |       |     2 |       ||     2
       Pizza             |       |       |       |       |       |     1 |       ||     1
Armor: Skin              |     4 |     3 |     6 |     6 |    15 |    45 |    15 ||    94
Dodge: Dodged            |    69 |    50 |   114 |   199 |   468 |   575 |   748 ||  2223
       Deflected         |       |       |       |       |    75 |    63 |   108 ||   246
Block: Other             |       |       |    13 |    34 |    60 |    86 |   100 ||   293
